 Dungeon Crawl Stone Soup version 0.23.2-1-ga50397a (webtiles) character file.

Game seed: 5873604299580959296

814 Fang the Skirmisher (level 7, -6/67 HPs)
             Began as a Gargoyle Berserker on May 14, 2019.
             Was a Believer of Trog.
             Mangled by an ogre
             ... wielding a +0 giant club
              (19 damage)
             ... on level 4 of the Dungeon.
             The game lasted 00:03:12 (4721 turns).

Fang the Skirmisher (Gargoyle Berserker)            Turns: 4721, Time: 00:03:13

Health: -6/67      AC:  7    Str: 27    XL:     7   Next: 93%
Magic:  7/7        EV: 13    Int:  8    God:    Trog [**....]
Gold:   170        SH:  0    Dex:  9    Spells: 6/6 levels left

rFire    . . .     SeeInvis .   a - +0 hand axe
rCold    . . .     Gourm    +   (no shield)
rNeg     + . .     Faith    .   b - +0 animal skin
rPois    ∞         Spirit   .   (no helmet)
rElec    +         Reflect  .   (no cloak)
rCorr    .         Harm     .   (no gloves)
MR       ++...                  (no boots)
Stlth    ..........             u - amulet of the gourmand
HPRegen  1.21/turn              (no ring)
MPRegen  0.10/turn              (no ring)

@: berserking, regenerating, very quick
A: negative energy resistance 1, electricity resistance, unbreathing,
petrification resistance, rot immunity, AC +4
a: Berserk, Trog's Hand, Renounce Religion


You were on level 4 of the Dungeon.
You worshipped Trog.
Trog was pleased with you.
You were not hungry.

You visited 2 branches of the dungeon, and saw 5 of its levels.

You collected 170 gold pieces.

Inventory:

Hand Weapons
 a - a +0 hand axe (weapon)
Armour
 b - a +0 animal skin (worn)
Jewellery
 u - an amulet of the gourmand (around neck)
Scrolls
 d - 3 scrolls of teleportation {unknown}
 g - 3 scrolls of remove curse {unknown}
 h - a scroll of random uselessness {unknown}
 k - 2 scrolls of identify {unknown}
 o - a scroll of amnesia {unknown}
 p - 2 scrolls of magic mapping {unknown}
 r - a scroll of fog {unknown}
 s - a scroll of noise {unknown}
 t - a scroll of blinking {unknown}
 v - 2 scrolls of enchant weapon {unknown}
Potions
 e - 2 potions of heal wounds {unknown}
 f - a potion of cancellation {unknown}
 i - 3 potions of degeneration {unknown}
 j - 4 potions of curing {unknown}
 l - 2 potions of resistance {unknown}
 m - 4 potions of might
 n - 2 potions of flight {unknown}
 q - a potion of invisibility {unknown}
Comestibles
 c - 7 rations


   Skills:
 + Level 5.7 Fighting
 + Level 4.7 Axes
 + Level 5.1 Armour
 + Level 3.8 Dodging


You had 6 spell levels left.
You didn't know any spells.
Your spell library was empty.

Dungeon Overview and Level Annotations

Branches:
Dungeon (4/15)             Temple (1/1) D:4

Altars:
Kikubaaqudgha
Trog
Uskayaw

Annotations:
D:4 Menkaure


Innate Abilities, Weirdness & Mutations

You are resistant to torment.
Your stone body is resilient. (AC +4)
You are immune to poison.
You resist negative energy. (rN+)
You are resistant to electric shocks. (rElec)
You can survive without breathing.
You are immune to petrification.
You are immune to rotting.


Message History

You are too injured to fight recklessly!
You are too injured to fight recklessly!
You are too injured to fight recklessly!
You are too injured to fight recklessly!
You are too injured to fight recklessly!
You are too injured to fight recklessly!
You are too injured to fight recklessly!
You are too injured to fight recklessly!
Your skin crawls.
You feel resistant to hostile enchantments.
You feel somewhat more hungry.
The iguana bites you but does no damage.
You eat one of the 8 rations.
That ration really hit the spot!
The iguana bites you but does no damage.
The ogre misses you.
A red film seems to cover your vision as you go berserk!
You feel yourself moving faster!
You feel mighty!
You feel a lot more hungry.
The iguana bites you but does no damage.
The ogre hits you with a +0 giant club!!
You die...

.........#.#..........#.
)........#.###......#...
.........#..........#...
...........###........##
...........#.......#....
...........#.......#.#.#
...........#.........#.#
...........#............
.$....#@.........######.
.......lO.#.............
#......M..#.............
#.####....#.............
#. .....#.............
......+.......######
...##.#.......######
.... .#............#
#............#


You could see an ogre, Menkaure and an iguana.

Vanquished Creatures
  Sigmund (D:3)
  Eustachio (D:3)
  An ogre (D:4)
  A scorpion (D:4)
  2 orc priests (D:3)
  A hound (D:4)
  3 orc wizards
  Natasha (thrice) (D:3)
  An iguana (D:4)
  5 adders
  An ooze (D:3)
  2 worms
  2 dart slugs
  2 leopard geckos
  4 orcs
  A giant cockroach (D:1)
  4 goblins
  4 hobgoblins
  4 jackals (D:1)
  3 quokkas
  A ball python (D:3)
  4 bats
  2 frilled lizards
  2 leopard gecko skeletons (D:4)
  4 rats
59 creatures vanquished.

Notes
Turn   | Place    | Note
-------+----------+-------------------------------------------
     0 | D:1      | Fang the Gargoyle Berserker began the quest for the Orb.
     0 | D:1      | Reached XP level 1. HP: 14/14 MP: 1/1
   455 | D:1      | Reached XP level 2. HP: 14/19 MP: 2/2
  1208 | D:2      | Reached XP level 3. HP: 19/24 MP: 3/3
  1506 | D:2      | Found an ancient bone altar of Kikubaaqudgha.
  1830 | D:2      | Found a bloodstained altar of Trog.
  2265 | D:3      | Reached XP level 4. HP: 29/29 MP: 4/4
  2270 | D:3      | Reached XP level 5. HP: 14/33 MP: 5/5
  2567 | D:3      | Noticed Sigmund
  2581 | D:3      | HP: 2/49 [something (4)]
  2583 | D:3      | Killed Sigmund
  2583 | D:3      | Reached XP level 6. HP: 3/40 MP: 6/6
  2584 | D:3      | Found a hide-covered altar of Uskayaw.
  2890 | D:3      | Noticed a +0 dagger
  2892 | D:3      | Noticed a +0 hand axe
  2924 | D:3      | Noticed Natasha
  2925 | D:3      | Reached ** piety under Trog
  2935 | D:3      | Killed Natasha
  3030 | D:3      | Noticed Natasha
  3037 | D:3      | Killed Natasha
  3296 | D:3      | Noticed Natasha
  3312 | D:3      | Killed Natasha
  3312 | D:3      | Reached skill level 5 in Fighting
  3538 | D:4      | Reached XP level 7. HP: 22/44 MP: 7/7
  3671 | D:4      | Noticed Eustachio
  4206 | D:3      | Killed Eustachio
  4421 | D:4      | Found a staircase to the Ecumenical Temple.
  4428 | Temple   | Entered the Ecumenical Temple
  4445 | D:4      | Reached skill level 5 in Armour
  4714 | D:4      | Noticed Menkaure
  4721 | D:4      | Mangled by an ogre

Skill      XL: |  1  2  3  4  5  6  7 |
---------------+----------------------+-----
Axes           | 3 4 |  4.7
Dodging        | 2 3 |  3.8
Fighting       | 4 5 |  5.7
Armour         | 3 4 5 |  5.1

Action                   |  1- 3 |  4- 6 |  7- 9 || total
-------------------------+-------+-------+-------++-------
Melee: Hand axe          |   109 |    79 |   112 ||   300
Invok: Berserk           |     2 |     4 |     3 ||     9
       Trog's Hand       |       |     1 |     1 ||     2
  Eat: Chunk             |     5 |     9 |     5 ||    19
       Ration            |       |       |     1 ||     1
Armor: Animal skin       |    40 |    26 |    32 ||    98
Dodge: Dodged            |    85 |    37 |    90 ||   212
